3L
CAPITAL DISTRICT RED KNIGHTS @ NORTHERN VIRGINIA RETRIEVERS
07/16/2019
 
TOP OF THE 1ST
Capital District Red Knights batting - Pitching for Northern Virginia Retrievers : RHP Drake Montgomery
Pitching: RHP Drake Montgomery
Batting: LHB Barton McCann 0-0: Ball
1-0: Ball
2-0: Called Strike
2-1: Fly out, F8 (Flyball, 8RD)
Batting: RHB Guillermo Montoya 0-0: Ball
1-0: SOLO HOME RUN (Flyball, 7LD), Distance : 366 ft
Batting: LHB Dave Knight 0-0: Ball
1-0: Called Strike
1-1: Swinging Strike
1-2: Foul Ball, location: 2F
1-2: Foul Ball, location: 2F
1-2: Strikes out looking
Batting: RHB Jian-zhang Phan 0-0: Ball
1-0: Swinging Strike
1-1: Ball
2-1: Called Strike
2-2: Foul Ball, location: 2F
2-2: Foul Ball, location: 2F
2-2: SINGLE (Flyball, 7S)
Batting: RHB Kyle Myers 0-0: Ball
1-0: DOUBLE (Groundball, 5L)
Jian-zhang Phan to third
Batting: RHB David Edwards 0-0: Ball
1-0: Called Strike
1-1: Foul Ball, location: 2F
1-2: SINGLE (Line Drive, 4MD)
Jian-zhang Phan scores
Kyle Myers to third
Batting: RHB Cullen Spencer 0-0: Ball
1-0: Swinging Strike
1-1: Ball
2-1: Ball
3-1: Ground out 1-3 (Groundball, 13)
Top of the 1st over - 2 run(s), 4 hit(s), 0 error(s), 2 left on base; Capital District 2 - Northern Virginia 0
BOTTOM OF THE 1ST
Northern Virginia Retrievers batting - Pitching for Capital District Red Knights : RHP Paul Lowery
Pitching: RHP Paul Lowery
Batting: LHB Ye Der 0-0: Called Strike
0-1: Ball
1-1: Called Strike
1-2: Foul Ball, location: 2F
1-2: Ball
2-2: Ball
3-2: Foul Ball, location: 2F
3-2: Foul Ball, location: 2F
3-2: Strikes out looking
Batting: LHB Roberto Salazar 0-0: Ground out 4-3 (Groundball, 4)
Batting: RHB Carl Good 0-0: Called Strike
0-1: Ground out 1-3 (Groundball, 15)
Bottom of the 1st over - 0 run(s), 0 hit(s), 0 error(s), 0 left on base; Capital District 2 - Northern Virginia 0
TOP OF THE 2ND
Capital District Red Knights batting - Pitching for Northern Virginia Retrievers : RHP Drake Montgomery
Batting: LHB Phil Ritchie 0-0: Ball
1-0: Called Strike
1-1: SINGLE (Line Drive, 9S)
Batting: RHB Paul Lowery 0-0: Ball
1-0: Bunted foul
1-1: Ball
2-1: Sac Bunt - play at first, batter OUT! 1-4
Phil Ritchie to second
Batting: LHB Barton McCann 0-0: Ground out 1-3 (Groundball, 13)
Phil Ritchie to third
Batting: RHB Guillermo Montoya 0-0: Fly out, F4 (Popup, 4D)
Top of the 2nd over - 0 run(s), 1 hit(s), 0 error(s), 1 left on base; Capital District 2 - Northern Virginia 0
BOTTOM OF THE 2ND
Northern Virginia Retrievers batting - Pitching for Capital District Red Knights : RHP Paul Lowery
Batting: LHB John Robertson 0-0: Ground out 4-3 (Groundball, 34)
Batting: LHB Vance Cannon 0-0: Foul Ball, location: 2F
0-1: Ball
1-1: SINGLE (Groundball, 4MD)
Batting: RHB Kurt Chappell 0-0: Foul Ball, location: 2F
0-1: Ball
1-1: Foul Ball, location: 2F
1-2: Fly out, F8 (Flyball, 8LD)
Batting: RHB Ben Ross 0-0: Ball
1-0: Fielders Choice at 2nd, U4 (Groundball, 4M)
Bottom of the 2nd over - 0 run(s), 1 hit(s), 0 error(s), 1 left on base; Capital District 2 - Northern Virginia 0
TOP OF THE 3RD
Capital District Red Knights batting - Pitching for Northern Virginia Retrievers : RHP Drake Montgomery
Batting: LHB Dave Knight 0-0: Ball
1-0: Ball
2-0: Called Strike
2-1: Ball
3-1: Base on Balls
Batting: RHB Jian-zhang Phan 0-0: Ball
1-0: DOUBLE (Groundball, 5L)
Dave Knight to third
Batting: RHB Kyle Myers 0-0: Fly out, F7 (Flyball, 78M)
Runner from 3rd tags up, SCORES, no throw
Batting: RHB David Edwards 0-0: Called Strike
0-1: Foul Ball, location: 2F
0-2: DOUBLE (Line Drive, 89M)
Jian-zhang Phan scores
Batting: RHB Cullen Spencer 0-0: Ball
1-0: Swinging Strike
1-1: Ball
2-1: Reached on Error, E6 (Line Drive, 6)
David Edwards to third
Batting: LHB Phil Ritchie 0-0: Ball
1-0: Called Strike
1-1: Swinging Strike
1-2: Fly out, F7 (Line Drive, 7D)
Runner from 3rd tags up, SCORES, no throw
Batting: RHB Paul Lowery 0-0: Called Strike
0-1: Ground out 4-3 (Groundball, 4)
Top of the 3rd over - 3 run(s), 2 hit(s), 1 error(s), 1 left on base; Capital District 5 - Northern Virginia 0
BOTTOM OF THE 3RD
Northern Virginia Retrievers batting - Pitching for Capital District Red Knights : RHP Paul Lowery
Batting: RHB Ed Anderson 0-0: SINGLE (Line Drive, 5D)
Pinch Hitting: RHB Christian O'Neal 0-0: Foul Ball, location: 2F
0-1: Foul Ball, location: 2F
0-2: Fly out, F5 (Popup, 25F)
Batting: LHB Ye Der 0-0: Ball
1-0: TRIPLE (Line Drive, 89M)
Ed Anderson scores
Batting: LHB Roberto Salazar 0-0: Called Strike
0-1: SINGLE (Line Drive, 34)
Ye Der scores
Batting: RHB Carl Good 0-0: Called Strike
0-1: Called Strike
0-2: Ball
1-2: SINGLE (Line Drive, 4MD)
Roberto Salazar to second
Roberto Salazar to third
Batting: LHB John Robertson 0-0: Foul Ball, location: 2F
0-1: Foul Ball, location: 2F
0-2: Ball
1-2: Foul Ball, location: 2F
1-2: Fly out, F8 (Flyball, 8LXD)
Runner from 3rd tags up, SCORES, no throw
Batting: LHB Vance Cannon 0-0: Called Strike
0-1: Fly out, F8 (Flyball, 8RS)
Bottom of the 3rd over - 3 run(s), 4 hit(s), 0 error(s), 1 left on base; Capital District 5 - Northern Virginia 3
TOP OF THE 4TH
Capital District Red Knights batting - Pitching for Northern Virginia Retrievers : RHP Drake Montgomery
Pitching: RHP Cam Herman
Batting: LHB Barton McCann 0-0: Ball
1-0: Foul Ball, location: 2F
1-1: SINGLE (Line Drive, 34)
Batting: RHB Guillermo Montoya 0-0: Ball
1-0: Foul Ball, location: 2F
1-1: Ball
2-1: Ball
3-1: Foul Ball, location: 2F
3-2: Fly out, F7 (Flyball, 7M)
Batting: LHB Dave Knight 0-0: Called Strike
Barton McCann is caught stealing 2nd base
0-1: Fly out, F6 (Popup, 56D)
Top of the 4th over - 0 run(s), 1 hit(s), 0 error(s), 0 left on base; Capital District 5 - Northern Virginia 3
BOTTOM OF THE 4TH
Northern Virginia Retrievers batting - Pitching for Capital District Red Knights : RHP Paul Lowery
Batting: RHB Kurt Chappell 0-0: Ball
1-0: Called Strike
1-1: Ground out 1-3 (Groundball, 13S)
Batting: RHB Ben Ross 0-0: Swinging Strike
0-1: Foul Ball, location: 2F
0-2: Ball
1-2: Ball
2-2: Ground out 6-3 (Groundball, 6)
Batting: RHB Ed Anderson 0-0: Called Strike
0-1: Ball
1-1: Ground out 6-3 (Groundball, 6M)
Bottom of the 4th over - 0 run(s), 0 hit(s), 0 error(s), 0 left on base; Capital District 5 - Northern Virginia 3
TOP OF THE 5TH
Capital District Red Knights batting - Pitching for Northern Virginia Retrievers : RHP Cam Herman
Batting: RHB Jian-zhang Phan 0-0: Called Strike
0-1: Ball
1-1: SINGLE (Line Drive, 78S)
Batting: RHB Kyle Myers 0-0: Ground out 5-3 (Groundball, 5S)
Jian-zhang Phan to second
Batting: RHB David Edwards 0-0: Ball
1-0: Called Strike
1-1: Ball
2-1: Foul Ball, location: 2F
2-2: Ground out 4-3 (Groundball, 4)
Jian-zhang Phan to third
Batting: RHB Cullen Spencer 0-0: Foul Ball, location: 2F
0-1: SINGLE (Groundball, 56D)
Jian-zhang Phan scores
Batting: LHB Phil Ritchie 0-0: Ball
1-0: Ball
2-0: SINGLE (Groundball, 13) (infield hit)
Cullen Spencer to second
Batting: RHB Paul Lowery 0-0: Called Strike
0-1: Foul Ball, location: 2F
0-2: Ball
1-2: Strikes out swinging
Top of the 5th over - 1 run(s), 3 hit(s), 0 error(s), 2 left on base; Capital District 6 - Northern Virginia 3
BOTTOM OF THE 5TH
Northern Virginia Retrievers batting - Pitching for Capital District Red Knights : RHP Paul Lowery
Batting: LHB Cam Herman 0-0: Swinging Strike
0-1: Ball
1-1: SINGLE (Groundball, 4M)
Batting: LHB Ye Der 0-0: Ball
1-0: Ball
2-0: Ball
3-0: Base on Balls
Cam Herman to second
Batting: LHB Roberto Salazar 0-0: Ball
1-0: Swinging Strike
1-1: Foul Ball, location: 2F
1-2: Ball
2-2: Fielders Choice at 2nd, 1-6 (Groundball, 25)
Cam Herman to third
Batting: RHB Carl Good 0-0: Ball
1-0: SINGLE (Flyball, 7S)
Cam Herman scores
Roberto Salazar to second
Batting: LHB John Robertson 0-0: Ball
1-0: Ball
2-0: Foul Ball, location: 2F
2-1: Fly out, F5 (Popup, 5F)
Batting: LHB Vance Cannon 0-0: Ball
1-0: Fly out, F5 (Popup, 5F)
Bottom of the 5th over - 1 run(s), 2 hit(s), 0 error(s), 2 left on base; Capital District 6 - Northern Virginia 4
TOP OF THE 6TH
Capital District Red Knights batting - Pitching for Northern Virginia Retrievers : RHP Cam Herman
Batting: LHB Barton McCann 0-0: Called Strike
0-1: Foul Ball, location: 2F
0-2: Foul Ball, location: 2F
0-2: Ball
1-2: Ball
2-2: Fly out, F8 (Flyball, 8LM)
Batting: RHB Guillermo Montoya 0-0: Ball
1-0: Ball
2-0: Ball
3-0: Called Strike
3-1: Base on Balls
Batting: LHB Dave Knight 0-0: Foul Ball, location: 2F
0-1: Ball
1-1: Ball
2-1: Foul Ball, location: 2F
2-2: Strikes out swinging
Batting: RHB Jian-zhang Phan 0-0: Ball
1-0: Foul Ball, location: 2F
1-1: Ball
2-1: Ball
3-1: Base on Balls
Guillermo Montoya to second
Batting: RHB Kyle Myers 0-0: Ball
1-0: Called Strike
1-1: Ball
2-1: Fly out, F4 (Popup, 4D)
Top of the 6th over - 0 run(s), 0 hit(s), 0 error(s), 2 left on base; Capital District 6 - Northern Virginia 4
BOTTOM OF THE 6TH
Northern Virginia Retrievers batting - Pitching for Capital District Red Knights : RHP Paul Lowery
Batting: RHB Kurt Chappell 0-0: Foul Ball, location: 2F
0-1: Swinging Strike
0-2: Strikes out swinging
Batting: RHB Ben Ross 0-0: Ball
1-0: Ball
2-0: Ball
3-0: Base on Balls
Batting: RHB Ed Anderson 0-0: Ball
1-0: Fly out, F8 (Flyball, 8RD)
Pinch Hitting: RHB Micheal Murdoch 0-0: Swinging Strike
0-1: Ball
Ben Ross is caught stealing 2nd base
Bottom of the 6th over - 0 run(s), 0 hit(s), 0 error(s), 0 left on base; Capital District 6 - Northern Virginia 4
TOP OF THE 7TH
Capital District Red Knights batting - Pitching for Northern Virginia Retrievers : RHP Cam Herman
Pitching: RHP Lou Hartling
Now at 3B: Carlos Vázquez
Batting: RHB David Edwards 0-0: Called Strike
0-1: Called Strike
0-2: Ball
1-2: Foul Ball, location: 2F
1-2: Foul Ball, location: 2F
1-2: Ground out 6-3 (Groundball, 6)
Batting: RHB Cullen Spencer 0-0: Ball
1-0: Called Strike
1-1: Ball
2-1: Foul Ball, location: 2F
2-2: Ground out 4-3 (Groundball, 4M)
Batting: LHB Phil Ritchie 0-0: Called Strike
0-1: Foul Ball, location: 2F
0-2: Ball
1-2: Ground out 1-3 (Groundball, 13)
Top of the 7th over - 0 run(s), 0 hit(s), 0 error(s), 0 left on base; Capital District 6 - Northern Virginia 4
BOTTOM OF THE 7TH
Northern Virginia Retrievers batting - Pitching for Capital District Red Knights : RHP Paul Lowery
Batting: RHB Carlos Vázquez 0-0: Ball
1-0: SINGLE (Groundball, 56)
Batting: LHB Ye Der 0-0: Called Strike
0-1: Foul Ball, location: 2F
0-2: Foul Ball, location: 2F
0-2: Ball
1-2: SINGLE (Groundball, 34D)
Carlos Vázquez to second
Runner from 2nd tries for 3rd, SAFE, throw made to third
Batting: LHB Roberto Salazar 0-0: Foul Ball, location: 2F
0-1: Ball
1-1: Ball
2-1: Swinging Strike
2-2: Ball
3-2: Foul Ball, location: 2F
3-2: Fly out, F5 (Popup, 5SF)
Batting: RHB Carl Good 0-0: Called Strike
Ye Der is caught stealing 2nd base
0-1: Foul Ball, location: 2F
0-2: Ball
1-2: Ground out 5-3 (Groundball, 56S)
Bottom of the 7th over - 0 run(s), 2 hit(s), 0 error(s), 1 left on base; Capital District 6 - Northern Virginia 4
TOP OF THE 8TH
Capital District Red Knights batting - Pitching for Northern Virginia Retrievers : RHP Lou Hartling
Pinch Hitting: RHB Billy Farley 0-0: Ball
1-0: Called Strike
1-1: Ball
2-1: Ball
3-1: Base on Balls
Batting: LHB Barton McCann 0-0: Foul Ball, location: 2F
0-1: Fielders Choice at 2nd, 1-4 (Groundball, 13)
Batting: RHB Guillermo Montoya 0-0: Ball
1-0: Called Strike
Barton McCann steals 2nd base
1-1: Swinging Strike
1-2: Foul Ball, location: 2F
1-2: Ball
2-2: Ball
3-2: SINGLE (Line Drive, 8LS)
Barton McCann to third
Runner from 3rd tries for Home, SAFE, no throw or cutoff
Batting: LHB Dave Knight 0-0: Swinging Strike
0-1: Ball
1-1: Ball
2-1: Ball
3-1: Foul Ball, location: 2F
3-2: Foul Ball, location: 2F
3-2: Foul Ball, location: 2F
3-2: Base on Balls
Guillermo Montoya to second
Batting: RHB Jian-zhang Phan 0-0: Swinging Strike
0-1: Ball
1-1: Ball
2-1: Called Strike
2-2: Foul Ball, location: 2F
2-2: Grounds into double play, 5-4-3 (Groundball, 5)
Top of the 8th over - 1 run(s), 1 hit(s), 0 error(s), 1 left on base; Capital District 7 - Northern Virginia 4
BOTTOM OF THE 8TH
Northern Virginia Retrievers batting - Pitching for Capital District Red Knights : RHP Paul Lowery
Pitching: RHP Jeff Pearson
Now at C: Jesús Castro
Now at 2B: Mark Field
Batting: LHB John Robertson 0-0: Ball
1-0: Called Strike
1-1: Foul Ball, location: 2F
1-2: Strikes out swinging
Batting: LHB Vance Cannon 0-0: Called Strike
0-1: Ground out U3 (Groundball, 3S)
Pinch Hitting: RHB Shi-young Chang 0-0: Ball
1-0: Foul Ball, location: 2F
1-1: Foul Ball, location: 2F
1-2: SOLO HOME RUN (Flyball, 78XD), Distance : 416 ft
Batting: RHB Ben Ross 0-0: Called Strike
0-1: SINGLE (Line Drive, 34)
Batting: RHB Ed Anderson 0-0: Swinging Strike
0-1: Ball
1-1: Ball
2-1: Foul Ball, location: 2F
2-2: Strikes out swinging
Bottom of the 8th over - 1 run(s), 2 hit(s), 0 error(s), 1 left on base; Capital District 7 - Northern Virginia 5
TOP OF THE 9TH
Capital District Red Knights batting - Pitching for Northern Virginia Retrievers : RHP Lou Hartling
Pitching: RHP David Phillips
Batting: RHB Kyle Myers 0-0: Ball
1-0: Called Strike
1-1: Foul Ball, location: 2F
1-2: Ball
2-2: Ball
3-2: Ground out 6-3 (Groundball, 6)
Batting: RHB Mark Field 0-0: Ball
1-0: Ball
2-0: Ball
3-0: Called Strike
3-1: Base on Balls
Batting: RHB Cullen Spencer 0-0: Called Strike
0-1: Foul Ball, location: 2F
0-2: Foul Ball, location: 2F
0-2: Foul Ball, location: 2F
0-2: Ball
1-2: Ball
2-2: Ball
3-2: Base on Balls
Mark Field to second
Pitching: RHP Juan Pińa
Batting: LHB Phil Ritchie 0-0: Called Strike
0-1: Called Strike
Mark Field is caught stealing 3rd base
0-2: Strikes out swinging
Top of the 9th over - 0 run(s), 0 hit(s), 0 error(s), 1 left on base; Capital District 7 - Northern Virginia 5
BOTTOM OF THE 9TH
Northern Virginia Retrievers batting - Pitching for Capital District Red Knights : RHP Jeff Pearson
Pitching: RHP Armando Martínez
Now at 3B: Ted Beck
Batting: RHB Carlos Vázquez 0-0: Ground out 5-3 (Groundball, 56)
Batting: LHB Ye Der 0-0: Called Strike
0-1: Hit by Pitch
Batting: LHB Roberto Salazar 0-0: Called Strike
0-1: Ball
1-1: SINGLE (Groundball, 56D)
Ye Der to second
Batting: RHB Carl Good 0-0: Ball
1-0: Fly out, F7 (Flyball, 78M)
Batting: LHB John Robertson 0-0: Ball
1-0: Foul Ball, location: 2F
1-1: Ball
2-1: Ball
3-1: Called Strike
3-2: Base on Balls
Ye Der to third
Roberto Salazar to second
Batting: LHB Vance Cannon 0-0: Foul Ball, location: 2F
0-1: Swinging Strike
0-2: Fly out, F1 (Line Drive, 13)
Bottom of the 9th over - 0 run(s), 1 hit(s), 0 error(s), 3 left on base; Capital District 7 - Northern Virginia 5
This league is powered by Out of the Park Baseball, the baseball management simulation game for PC, Mac and Linux
Saturday, July 25th, 2015 - OOTP Baseball 15.6 Build 34